 Dungeon Crawl Stone Soup version 0.31-a0-1071-gaead2f62b1 (webtiles) character file.

Game seed: 13433637919942724007

1331 timneilson the Ruffian (level 8, -8/54 HPs)
             Began as an Octopode Shapeshifter on Nov 26, 2023.
             Mangled by a wyvern (12 damage)
             ... on level 8 of the Dungeon.
             The game lasted 00:11:20 (3938 turns).

timneilson the Ruffian (Octopode Shapeshifter)      Turns: 3938, Time: 00:11:20

Health: -8/54      AC:  1    Str: 16    XL:     8   Next: 60%
Magic:  8/8        EV: 14    Int: 12    God:
Gold:   185        SH:  0    Dex: 11    Spells: 7/7 levels left

rFire   . .          .
                       - Unarmed
rCold   . . .        (no shield)
rNeg    . . .        (helmet currently unavailable)
rPois   .            d - amulet of the acrobat
rElec   .            h - +4 ring of slaying
rCorr   +            i - ring of resist corrosion
SInv    .            p - ring of willpower
Will    +....        k - ring of wizardry
Stlth   +++          (no ring)
HPRegen 0.29/turn    (no ring)
MPRegen 0.11/turn    (no ring)
                     (no ring)

%: acrobat, wizardry (x1)
@: beast-form
A: beast (slay +2), almost no armour, amphibious, 8 rings, camouflage 1,
gelatinous body 1, (nimble swimmer 1), tentacles
a: Begin Untransformation


You were on level 8 of the Dungeon.
You were a hulking beast.
You visited 1 branch of the dungeon, and saw 6 of its levels.
You also visited: Sewer.

You collected 185 gold pieces.

Inventory:

Missiles
 o - a throwing net
Armour
 m - a +1 tower shield
Jewellery
 d - an amulet of the acrobat (around mantle)
 h - a +4 ring of slaying (left tentacle)
 i - a ring of resist corrosion (right tentacle)
 k - a ring of wizardry (on tentacle)
 p - a ring of willpower (on tentacle)
Talismans
 b - a beast talisman
 c - a flux talisman
Wands
 l - a wand of paralysis (5)
Scrolls
 g - a scroll of revelation
 j - a scroll of butterflies
 q - 2 scrolls of immolation
 s - a scroll of acquirement {unknown}
 v - 2 scrolls of teleportation
Potions
 a - a potion of lignification
 e - 2 potions of berserk rage
 f - 2 potions of attraction
 n - 2 potions of enlightenment
 r - a potion of ambrosia {unknown}
 t - a potion of brilliance
 u - a potion of haste {unknown}
 w - a potion of might {unknown}
 z - a potion of mutation {unknown}
 A - a potion of heal wounds


   Skills:
 * Level 4.3 Fighting
 * Level 4.8 Dodging
 + Level 4.3 Stealth
 + Level 2.4 Shields
 * Level 5.3 Unarmed Combat
 + Level 2.4 Evocations
 * Level 5.0 Shapeshifting


You had 7 spell levels left.
You didn't know any spells.
Your spell library contained the following spells:

 Spells                   Type           Power      Damage    Failure   Level
 Sting                    Tmut/Pois      0%         1d3       13%         1
 Ensorcelled Hibernation  Hex/Ice        0%         N/A       21%         2
 Passwall                 Tmut/Erth      0%         N/A       21%         2
 Poisonous Vapours        Pois/Air       0%         N/A       21%         2
 Sublimation of Blood     Necr           0%         N/A       21%         2
 Wereblood                Tmut           0%         N/A       21%         2
 Hailstorm                Conj/Ice       0%         3d3       36%         3
 Inner Flame              Hex/Fire       0%         N/A       36%         3
 Swiftness                Air            0%         N/A       36%         3
 Cause Fear               Hex            0%         N/A       75%         4
 Flame Wave               Conj/Fire      0%         2d4       75%         4
 Olgreb's Toxic Radiance  Pois           0%         N/A       75%         4
 Sticky Flame             Conj/Fire      0%         2d3       75%         4
 Summon Ice Beast         Ice/Summ       0%         N/A       75%         4
 Fireball                 Conj/Fire      0%         3d3       97%         5
 Simulacrum               Ice/Necr       0%         N/A       100%        6
 Summon Hydra             Summ           0%         N/A       100%        7
 Dragon's Call            Summ           0%         N/A       100%        9


Dungeon Overview and Level Annotations

Branches:
Dungeon (5/15)             Temple (0/1) D:5           Sewer (visited)

Altars:
Hepliaklqana

Annotations:
D:3 3 runed translucent doors, Pug's ghost, amateur OpVM


Innate Abilities, Weirdness & Mutations

You are a hulking beast.
Your limbs bulge with bestial killing power. (Slay +2)
You cannot wear most types of armour.
You are amphibious.
You can wear up to eight rings at the same time.
Your skin changes colour to match your surroundings (Stealth+).
Your rubbery body absorbs attacks. (AC +1, EV +1)
((You are camouflaged when in or above water. (Stealth+)))
You have tentacles for arms and can constrict up to eight enemies at once.


Message History

You kill the shadow imp!
You barely miss something.
An ice beast comes into view.
Something hits you.
You bludgeon something! Your squeeze misses something.
You tentacle-slap something. You squeeze something. Something hits you.
You miss something. Your squeeze misses something. Something hits you.
You tentacle-slap something but do no damage.
You squeeze something.
Reactivating autopickup.
You feel a bit more experienced.
You barely miss the orc priest. You grab the orc priest.
You constrict the orc priest. The orc priest misses you.
You tentacle-slap the orc priest.
The orc priest is heavily wounded.
You constrict the orc priest, but do no damage.
The wyvern hisses menacingly.
The orc priest hits you with a +3 war axe!
You tentacle-slap the orc priest.
The orc priest is severely wounded.
You constrict the orc priest.
The orc priest hits you with a +3 war axe.
You tentacle-slap the orc priest.
You kill the orc priest!
You closely miss the ice beast. The ice beast closely misses you.
You bludgeon the ice beast!
The ice beast is moderately wounded.
The ice beast hits you. The ice beast freezes you.
* * * LOW HITPOINT WARNING * * *
Okay, then.
You bludgeon the ice beast!
The ice beast is severely wounded.
The ice beast hits you.
* * * LOW HITPOINT WARNING * * *
The ice beast freezes you!
* * * LOW HITPOINT WARNING * * *
You bludgeon the ice beast!
You kill the ice beast!
The wyvern bites you!
You die...

#.# #.##
#..# . ##.#
.. #.# ...
#.# .... #.#
.....
##.###......
#..hlo......
######......
..... .###
#≈ ≈# #


You could see a wyvern and an orc.

Vanquished Creatures
  Eustachio (D:4)
  Menkaure (D:4)
  Duvessa (D:4)
  An ice beast (D:8)
  An ogre (D:4)
  Blork the orc (D:5)
  2 bullfrogs (Sewer)
  2 scorpions
  A gnoll sergeant (D:8)
  Dowan (D:4)
  An orc priest (D:8)
  Ijyb (D:4)
  3 orc wizards
  Robin (D:2)
  5 gnolls
  8 adders
  5 river rats (Sewer)
  A shadow imp (D:8)
  3 worms
  2 dart slugs
  6 orcs
  25 ball pythons
  3 endoplasms
  6 giant cockroaches
  16 goblins
  4 hobgoblins
  4 jackals (D:1)
  2 kobolds (D:4)
  4 quokkas
  2 bats
  11 frilled lizards
  22 rats
147 creatures vanquished.

Notes
Turn   | Place    | Note
-------+----------+-------------------------------------------
     0 | D:1      | timneilson the Octopode Shapeshifter began the quest for
                  | the Orb.
     0 | D:1      | Reached XP level 1. HP: 13/13 MP: 1/1
    52 | D:1      | Reached XP level 2. HP: 10/18 MP: 2/2
   228 | D:1      | Reached skill level 1 in Stealth
   228 | D:1      | Reached XP level 3. HP: 22/23 MP: 3/3
   865 | D:2      | Noticed Robin
   896 | D:2      | Killed Robin
  1014 | D:2      | Reached XP level 4. HP: 21/29 MP: 4/4
  1703 | D:3      | Found a runed translucent gate.
  1703 | D:3      | Found a runed translucent gate.
  1703 | D:3      | Found a runed translucent gate.
  1705 | D:3      | Noticed Pug's ghost (amateur OpVM)
  1928 | D:3      | Reached XP level 5. HP: 30/34 MP: 5/5
  2336 | D:4      | Noticed Ijyb
  2344 | D:4      | Paralysed by Ijyb for 2 turns
  2348 | D:4      | Killed Ijyb
  2491 | D:4      | Noticed Dowan
  2492 | D:4      | Noticed Duvessa
  2493 | D:4      | Noticed Eustachio
  2502 | D:4      | HP: 1/35 [Eustachio/+0 rapier (6)]
  2503 | D:4      | Killed Eustachio
  2504 | D:4      | Reached skill level 1 in Shields
  2504 | D:4      | Reached XP level 6. HP: 2/41 MP: 6/6
  2507 | D:4      | Killed Duvessa
  2508 | D:4      | Reached skill level 1 in Evocations
  2508 | D:4      | Reached XP level 7. HP: 24/46 MP: 7/7
  2510 | D:4      | Killed Dowan
  2606 | D:4      | Found a glowing drain.
  2613 | Sewer    | Entered a sewer
  3361 | D:4      | Noticed Menkaure
  3370 | D:4      | Killed Menkaure
  3371 | D:4      | Reached XP level 8. HP: 9/54 MP: 8/8
  3668 | D:5      | Entered Level 5 of the Dungeon
  3668 | D:5      | Noticed Blork the orc
  3681 | D:4      | Reached skill level 5 in Unarmed Combat
  3742 | D:5      | Killed Blork the orc
  3765 | D:5      | Found a staircase to the Ecumenical Temple.
  3765 | D:5      | You fall into a shaft and drop 3 floors!
  3773 | D:8      | Found a hazy altar of Hepliaklqana.
  3814 | D:8      | Reached skill level 5 in Shapeshifting
  3921 | D:8      | Noticed a wyvern
  3938 | D:8      | Mangled by a wyvern

Illustrated notes

Levels and vault maps discovered:
D:1:      dpeg_arrival_orchard, layout_basic
D:2:      layout_basic, minmay_misc_feat_chi, minmay_box_of_dots, uniq_robin
D:3:      layout_rooms, ebering_ghost_rock_garden, grunt_ministairs_5,
          grunt_decor_mini_mirrors
D:4:      layout_rooms, mainiacjoe_sewer_entry_somewhere_in_here_2,
          uniq_eustachio, uniq_ijyb, uniq_menkaure, uniq_duvessa
D:5:      cheibrodos_two_vegetables, layout_basic, minmay_temple_entry_trees,
          uniq_grinder, uniq_blork_the_orc
D:8:      layout_basic, old_standard_altar, serial_aquarium,
          aquarium_bridge_straight [aquarium_subvault_bridge,
          aquarium_subvault_window, aquarium_subvault_bridge,
          aquarium_subvault_window], aquarium_window_corridor_1,
          aquarium_window_2, aquarium_view_2f, aquarium_view_2c,
          aquarium_pool_side, disabler_island, uniq_jeremiah, uniq_psyche

Skill      XL: |  1  2  3  4  5  6  7  8 |
---------------+-------------------------+-----
Stealth        | 1 2 3 4 |  4.3
Fighting       | 2 3 4 |  4.3
Dodging        | 3 4 |  4.8
Shields        | 1 2 |  2.4
Unarmed Combat | 4 5 |  5.3
Shapeshifting  | 4 5 |  5.0
Evocations     | 1 2 |  2.4

Action                     |  1- 3 |  4- 6 |  7- 9 || total
---------------------------+-------+-------+-------++-------
  Melee: Unarmed           |    50 |    74 |   135 ||   259
         Constrict         |    13 |    18 |    29 ||    60
         Tentacles         |     6 |    14 |    21 ||    41
         Punch             |     1 |     1 |     3 ||     5
  Evoke: Wand              |       |     1 |       ||     1
    Use: Scroll            |     1 |    10 |     6 ||    17
         Potion            |       |     1 |     1 ||     2
   Stab: Sleeping          |     4 |     8 |     8 ||    20
         Distracted        |       |       |     1 ||     1
 Armour: Skin              |    23 |    29 |    52 ||   104
  Dodge: Dodged            |    33 |    40 |    97 ||   170

Table legend: (Time is in decaauts)
 A = Elapsed time spent in this place.
 B = Non-inter-level travel time spent in this place.
 C = Inter-level travel time spent in this place.
 D = Time resting spent in this place.
 E = Time spent auto-exploring this place.
 F = Levels seen in this place.
 G = Mean time per level.
                   A        B        C        D        E       F      G
               +--------+--------+--------+--------+--------+-----+--------+
         Total |   3917 |   3777 |    140 |    506 |   2129 |   7 |  559.6 |
       Dungeon |   3374 |   3234 |    140 |    245 |   2059 |   6 |  562.3 |
         Sewer |    542 |    542 |      0 |    261 |     70 |   1 |  542.0 |
               +--------+--------+--------+--------+--------+-----+--------+

Top non-repeatable levels by time:
     D:1: 918 daAuts
     D:4: 875 daAuts
     D:2: 727 daAuts
     D:3: 648 daAuts
   Sewer: 542 daAuts
     D:8: 169 daAuts
     D:5: 35 daAuts
